 Dungeon Crawl Stone Soup version 0.23-a0-512-g50a8178 (webtiles) character file.

5 flamekin the Sneak (level 1, -1/9 HPs)
             Began as a Spriggan Enchanter on Dec 4, 2018.
             Slain by a goblin (3 damage)
             ... on level 1 of the Dungeon.
             The game lasted 00:01:59 (71 turns).

flamekin the Sneak (Spriggan Enchanter)               Turns: 71, Time: 00:01:59

Health: -1/9       AC:  2    Str:  4    XL:     1   Next: 66%
Magic:  4/5        EV: 18    Int: 16    God:
Gold:   0          SH:  0    Dex: 16    Spells: 4/5 levels left

rFire    . . .     SeeInvis +   a - +1 dagger
rCold    . . .     Gourm    .   (shield restricted)
rNeg     . . .     Faith    .   b - +0 robe
rPois    .         Spirit   .   (helmet restricted)
rElec    .         Reflect  .   (no cloak)
rCorr    .         Harm     .   (gloves unavailable)
MR       .....                  (boots unavailable)
Stlth    +++.......             (no amulet)
HPRegen  0.03/turn              (no ring)
MPRegen  0.09/turn              (no ring)

@: very quick
A: very small, unfitting armour, see invisible, herbivore, speed 3, slow
metabolism 2
a: no special abilities


You were on level 1 of the Dungeon.
You were not hungry.

You visited 1 branch of the dungeon, and saw 2 of its levels.

Inventory:

Hand Weapons
 a - a +1 dagger (weapon)
Armour
 b - a +0 robe (worn)
Comestibles
 d - a ration


   Skills:
 + Level 1.4 Short Blades
 + Level 3.2 Dodging
 - Level 4.4 Stealth
 + Level 2.9 Spellcasting
 - Level 3.6 Hexes


You had 4 spell levels left.
You knew the following spells:

 Your Spells              Type           Power        Failure   Level  Hunger
a - Corona                Hex            ##.....      4%          1    #......

Your spell library contained the following spells:

 Spells                   Type           Power        Failure   Level  Hunger
 Confuse                  Hex            ##......     13%         3    ###....
 Tukima's Dance           Hex            ##......     13%         3    ###....
 Ensorcelled Hibernation  Hex/Ice        #.....       14%         2    ##.....
 Dazzling Spray           Conj/Hex       #.....       26%         3    ###....


Dungeon Overview and Level Annotations

Branches:
Dungeon (2/15)

Altars:


Innate Abilities, Weirdness & Mutations

You are very small and have problems with some larger weapons.
You are too small for most types of armour.
You have supernaturally acute eyesight. (SInv)
You are a herbivore.
You cover ground extremely quickly.
You need to consume almost no food.


Message History

Confirm with . or Enter, or press ? or * to list all spells.
Aiming: Corona (safe; 4% risk of failure)
Press: ? - help, Shift-Dir - straight line, f - goblin
Aim: a goblin (chance to defeat MR: 67%)
The goblin is outlined in light.
The bat closely misses you.
You hit the bat.
The bat is moderately wounded.
The bat misses you.
You barely miss the goblin. The bat barely misses you. The goblin hits you.
* * * LOW HITPOINT WARNING * * *
You completely miss the goblin. The bat completely misses you.
The goblin misses you.
You hit the goblin but do no damage. The bat completely misses you.
The goblin closely misses you.
You barely miss the goblin. The bat misses you. The goblin barely misses you.
The bat closely misses you.
You hit the goblin.
The goblin is moderately wounded.
The bat closely misses you. The goblin hits you.
You die...

###.###.############.#
........#... #.#
###.#.#.#.# #.#
#.....# #.# #.#.#.#
#.# ####.#.# #.# ..#.#
# .# #.#†# #.#@#.#
#.g...# #.#.#.#
###.#.# ..# # ... ###


You could see a goblin.

Vanquished Creatures
  A hobgoblin (D:1)
  2 kobolds (D:1)
  2 rats (D:1)
5 creatures vanquished.

Notes
Turn   | Place    | Note
-------+----------+-------------------------------------------
     0 | D:1      | flamekin the Spriggan Enchanter began the quest for the
                  | Orb.
     0 | D:1      | Reached XP level 1. HP: 9/9 MP: 5/5
    42 | D:2      | Noticed an ogre
    71 | D:1      | Slain by a goblin

Vault maps used:
D:1:      elethiomel_arrival_maze
D:2:      patterned_corridor

Action                   || total
-------------------------++-------
Melee: Dagger            ||    21
 Cast: Corona            ||     2
 Stab: Sleeping          ||     3
Armor: Robe              ||     2
Dodge: Dodged            ||    23

Table legend:
 A = Non-vault XP
 B = Vault XP
 C = Vault XP percentage of total XP
 D = Non-vault monster count
 E = Vault monster count
 F = Vault count percentage of total count
                 A         B        C        D         E       F
            +---------+---------+-------+---------+---------+-------
      Total |       8 |       0 |   0.0 |       5 |       0 |   0.0
            +---------+---------+-------+---------+---------+-------
        D:1 |       8 |       0 |   0.0 |       5 |       0 |   0.0
            +---------+---------+-------+---------+---------+-------
